[Event "2nd Doppelbauer Kiel GM 2022"]
[Site "Kiel"]
[Date "2022.06.30"]
[Round "3.3"]
[White "Pajeken, Jakob Leon"]
[Black "Ernst, Sipke"]
[Result "1/2-1/2"]
[ECO "A46"]
[WhiteElo "2398"]
[BlackElo "2547"]
[Annotator "TA"]
[PlyCount "67"]
[EventDate "2022.06.30"]
[EventType "tourn"]
[EventCountry "GER"]
[SourceTitle "playchess.com"]
[Source "ChessBase"]
[SourceQuality "1"]
[TimeControl "40/5400+30:1800+30"]

1. Nf3 Nf6 2. g3 d5 3. Bg2 e6 4. d4 b5 5. O-O Nbd7 6. a4 {[%emt 0:00:18] A46: 1 d4 Nf6 2 Nf3 e6: Torre, London and Colle Systems.} c6 {[%emt 0:02:28] [#]} 7. Bf4 $146 ({Predecessor:} 7. Ne5 Bb7 8. axb5 cxb5 9. Qd3 a6 10. Nxd7 Qxd7 11. Nd2 Be7 12. Nf3 O-O 13. Ne5 {1-0 (74) Maciejewski,K (1884)-Marciniak,L (1738) Pokrzywna 2021}) 7... Bb7 8. Ne5 Nxe5 (8... b4 $11 {keeps the balance.}) 9. dxe5 $16 Nd7 10. e4 (10. axb5 $16 cxb5 11. e4) 10... bxa4 11. Nc3 (11. c4 $5) 11... a3 12. bxa3 Be7 13. h4 ({White should try} 13. exd5 $11 cxd5 14. Nb5) 13... O-O (13... Ba6 $5 14. Re1 O-O $11) 14. Qg4 d4 ({Black should play} 14... Qa5 $15 15. Bh6 g6 $1 16. Bxf8 Rxf8) 15. Bh6 {[%emt 0:03:04] [#]} g6 $1 $15 16. Bxf8 Bxf8 17. Ne2 Nxe5 18. Qf4 Bg7 {[%emt 0:03:49][%mdl 1024] Black has compensation.} 19. Rfd1 c5 20. Rab1 {[%emt 0:09:23] [#]} Ba6 (20... Bc6 $1 $17) 21. Nc1 c4 {[%emt 0:05:31] Inhibits Nd3.} 22. Ne2 d3 23. cxd3 $1 Nxd3 24. Qd2 Qc7 25. Qc2 {[%emt 0:02:09] And now Rxd3 would win.} Qa5 26. Nc1 {[%emt 0:02:09] [#]} (26. f4 $11) 26... Bd4 ({Of course not} 26... Qxa3 $6 27. Nxd3 cxd3 28. Qc6 $11) (26... Ne1 $1 $17 27. Qa2 Nxg2 28. Kxg2 Qa4) 27. Nxd3 $11 cxd3 28. Qd2 Bc3 {[%emt 0:01:55] A strong pair of Bishops.} 29. Qe3 Rd8 30. Qxa7 Bd4 {[%emt 0:00:06] Inhibits Qb6.} 31. Qe7 Kg7 32. Qg5 e5 $1 33. Bf1 Rd6 {[%emt 0:00:30] Threatens to win with ...Rf6.} 34. Rb8 {[%emt 0:04:19] Weighted Error Value: White=0.21 (precise) /Black=0.19 (very precise)} 1/2-1/2

[Event "2nd Doppelbauer Kiel GM 2022"]
[Site "Kiel"]
[Date "2022.06.30"]
[Round "3.4"]
[White "Hacker, Jonas"]
[Black "Meshkovs, Nikita"]
[Result "0-1"]
[ECO "B31"]
[WhiteElo "2396"]
[BlackElo "2553"]
[Annotator "TA"]
[PlyCount "116"]
[EventDate "2022.06.30"]
[EventType "tourn"]
[EventCountry "GER"]
[SourceTitle "playchess.com"]
[Source "ChessBase"]
[SourceQuality "1"]
[TimeControl "40/5400+30:1800+30"]

1. e4 c5 2. Nf3 Nc6 3. Bb5 g6 4. O-O Bg7 5. c3 Nf6 6. Re1 O-O 7. d4 d5 8. e5 Ne4 9. Bxc6 bxc6 10. Be3 {[%emt 0:00:25] is currently scoring better than 10.Nbd2. B31: Sicilian: 2...Nc6 3 Bb5 g6.} Rb8 11. Qc1 Qb6 12. b3 {[%emt 0:01:38] White has an edge.} cxd4 13. cxd4 Qa5 $5 {[%emt 0:00:08][%mdl 4] An interesting side line.} 14. Nbd2 Bf5 15. Nxe4 Bxe4 16. Nd2 Bf5 {[%emt 0:00:02] [#]} 17. Nf1 $146 ({Predecessor:} 17. Qb2 Rfc8 18. Rec1 Bf8 19. Rc3 Qa6 20. Nf3 Be4 21. Ne1 h5 22. h3 Bf5 23. Rac1 {1-0 (39) Smeets,J (2585)-Mamedov,R (2659) Wijk aan Zee 2020}) 17... Rfc8 18. Ng3 Bd7 19. Bg5 Bf8 20. Bh6 c5 21. Bxf8 cxd4 22. Qf4 Rxf8 23. Qxd4 Rfc8 24. Qf4 Qb4 (24... Be6 $5 ) 25. Qe3 Qb6 26. Qd2 Rc5 27. Ne2 Qb4 28. Qg5 Rc2 29. a3 $1 Qe4 $36 {[%emt 0:06:35][%mdl 2048] Black is pushing.} (29... Qxb3 $2 30. Nd4 Qc4 31. Nxc2 Qxc2 32. Qxe7 $18) 30. Nf4 (30. f3 $11 Qd3 31. Rad1 Qxb3 32. Nd4) 30... Qf5 (30... Qd4 $17 31. Qg3 Rb6) 31. Qxf5 Bxf5 32. Nxd5 Be6 33. Nb4 ({Wrong is} 33. Nxe7+ $2 Kf8 34. Nxg6+ hxg6 $19) (33. Ne3 $5 Rc5 34. b4 Rxe5 35. Rec1 $11) 33... Rc3 34. Rec1 Rbc8 ({Of course not} 34... Rxb3 35. Nc6 Re8 36. Nd4 $11) 35. Rxc3 Rxc3 $15 {[%emt 0:00:02][%mdl 4096] Endgame KRB-KRN} 36. h3 Bxb3 37. Rb1 a5 38. Nc6 {[%emt 0:01:35] [#]} a4 $1 39. Nd4 ({But not} 39. Nxe7+ $2 Kf8 40. Nxg6+ hxg6 $19) 39... Bd5 40. Ra1 Kg7 41. Ne2 Rc2 42. Nf4 Bb3 43. h4 Rc4 44. g3 Rc5 45. Re1 h6 46. Ng2 Bd5 47. Re3 Rc1+ 48. Re1 Rc3 49. Ra1 Bf3 50. Ne1 Be4 51. Kf1 Rc5 {[%emt 0:00:43] Black is more active.} 52. f3 Bc6 53. f4 (53. Kf2 $17 {was called for.}) 53... Rc3 $19 54. Kf2 (54. g4 $142) 54... e6 55. Ra2 (55. Ke2 {was worth a try.}) 55... Bd5 {[%emt 0:00:19] Black is clearly winning.} 56. Ra1 h5 57. Rd1 Rxa3 58. Rd2 Rb3 {[%emt 0:02:20] Weighted Error Value: White=0.21 (precise) /Black=0.05 (flawless)} 0-1

[Event "2nd Doppelbauer Kiel GM 2022"]
[Site "Kiel"]
[Date "2022.06.30"]
[Round "3.5"]
[White "Teclaf, Pawel"]
[Black "Farokhi, Keyvan"]
[Result "1-0"]
[ECO "A13"]
[WhiteElo "2537"]
[BlackElo "2360"]
[Annotator "TA"]
[PlyCount "111"]
[EventDate "2022.06.30"]
[EventType "tourn"]
[EventCountry "GER"]
[SourceTitle "playchess.com"]
[Source "ChessBase"]
[SourceQuality "1"]
[TimeControl "40/5400+30:1800+30"]

1. Nf3 d5 2. e3 Nf6 3. c4 e6 4. b3 b6 5. Bb2 Bb7 6. cxd5 {[%emt 0:00:45] A13: English Opening: 1...e6.} exd5 7. Nc3 Nbd7 8. Rc1 {[%emt 0:01:00] The position is equal.} a6 9. d4 Bd6 10. g3 O-O 11. Bg2 Ne4 12. O-O f5 13. Ne2 Qe7 14. Nf4 a5 {[%emt 0:00:56] [#]} 15. Qc2 $146 ({Predecessor:} 15. a4 Rac8 16. Nd3 Ba6 17. Re1 Ndf6 18. Nfe5 c5 19. Nf4 c4 20. bxc4 dxc4 21. f3 {0-1 (42) Mekhitarian,K (2554)-Meier,G (2621) Chess.com INT 2020}) 15... a4 16. bxa4 c5 (16... c6 $11) 17. dxc5 $16 bxc5 18. Qb3 {[%emt 0:00:00][%csl LRb7,LRd5] Inhibits Nb6.} Ndf6 19. Nh4 ({White should try} 19. Bxf6 $16 Nxf6 20. Rfd1) 19... Bxf4 $11 20. exf4 Qd7 21. Bxf6 {[%emt 0:00:00] Threatens to win with Be5. A strong pair of Bishops.} c4 $1 {[%emt 0:01:14] [#]} 22. Qb2 {[%emt 0:00:00] Hoping for Bd4.} Rxf6 23. Rfd1 $36 {[%emt 0:00:00][%cal Oh4f5][%mdl 2048] And now Nxf5! would win. White has good play.} Qc6 (23... Rxa4 24. Nxf5 Rxf5 25. Bxe4 $16) 24. Bxe4 (24. Rb1 $5 c3 25. Qc2 $11 (25. Qxb7 c2 $11)) 24... dxe4 25. Qb5 Rxa4 26. Rd8+ Rf8 27. Rxf8+ (27. Qxc6 {with more complications.} Bxc6 28. Rxf8+ Kxf8 29. Nxf5 Bd7 30. Ne3) 27... Kxf8 28. Qxc6 (28. Qe5 {keeps more tension.} e3 29. f3 Qe8 30. Qd6+) 28... Bxc6 29. Nxf5 Rxa2 $16 {[%emt 0:02:48][%mdl 4096] Endgame KRB-KRN} 30. Ne3 $1 Bb5 31. Nxc4 Bxc4 (31... Bd7 $16 32. h4 Be6) 32. Rxc4 {[%emt 0:00:08] KR-KR} Ra1+ 33. Kg2 Re1 34. Rc3 {[%emt 0:00:20] Against e3} Ra1 35. Rc5 Re1 36. Re5 Kf7 (36... g6 $16 37. g4 Kg7 38. Re7+ Kg8) 37. h4 g6 $2 (37... Kg6 {keeps fighting.} 38. g4 Kf7) 38. h5 $18 gxh5 39. Rxh5 Kg6 40. Rg5+ Kf6 41. Re5 h6 $2 (41... Kf7 {is tougher.} 42. g4 Kf6 43. g5+ Kg6) 42. g4 $1 Kf7 {[%emt 0:00:21] [#]} (42... Re2 $142 43. Kf1 Rb2 44. Rxe4 h5) 43. f5 $1 {[%emt 0:01:10][%cal Bf4f5,Bf5f6][%mdl 32] aiming for Re6.} Kf6 44. Re6+ Kg7 45. Re7+ Kg8 46. f6 Re2 47. Rg7+ Kf8 {[%emt 0:00:00] [#]} 48. Kf1 $2 ({White has to play} 48. Kg3 $1 $18 Rb2 49. Rg6) 48... Ra2 $14 49. Rh7 Ra3 $2 {[%emt 0:00:00][%mdl 8192] Black cannot hold the game after this.} (49... e3 $14) 50. Ke2 $18 Rh3 51. g5 {[%emt 0:00:00][%cal Bg4g5,Bg5g6][%mdl 32] White mates.} Rf3 52. Rxh6 Rf5 53. Rg6 Rf3 54. Rg7 Ra3 55. Rb7 Rf3 56. g6 {[%emt 0:00:10] Weighted Error Value: White=0.20 (precise) /Black=0.39} 1-0

[Event "2nd Doppelbauer Kiel GM 2022"]
[Site "Kiel"]
[Date "2022.07.01"]
[Round "4.1"]
[White "Parvanyan, Ashot"]
[Black "Farokhi, Keyvan"]
[Result "1-0"]
[ECO "E08"]
[WhiteElo "2455"]
[BlackElo "2360"]
[Annotator "TA"]
[PlyCount "69"]
[EventDate "2022.06.30"]
[EventType "tourn"]
[EventCountry "GER"]
[SourceTitle "playchess.com"]
[Source "ChessBase"]
[SourceQuality "1"]
[TimeControl "40/5400+30:1800+30"]

1. Nf3 d5 2. d4 Nf6 3. c4 e6 4. g3 Be7 5. Bg2 O-O 6. O-O c6 7. Qc2 b6 8. Rd1 Nbd7 9. b3 Re8 {[%emt 0:00:12] E08: Closed Catalan: Main Line: 7 Qc2.} 10. Bf4 Ba6 11. Nc3 {[%emt 0:05:10] [#]} b5 $146 {[%emt 0:04:43] The position is equal.} ({Predecessor:} 11... h6 12. e4 dxc4 13. Nd2 b5 14. bxc4 bxc4 15. Bf1 Nb6 16. a4 Bb4 17. a5 {0-1 (37) Neelotpal,D (2453)-Cheparinov,I (2669) Biel 2011}) 12. Ne5 Nxe5 13. dxe5 Nh5 {[%emt 0:00:41] [#]} 14. Be3 g6 15. g4 Ng7 16. Ne4 ({Resist} 16. cxd5 exd5 17. Ne4 Qd7 $14) (16. cxb5 $16 cxb5 17. Ne4) 16... bxc4 $11 17. Bc5 {[%emt 0:21:32] aiming for Bxe7.} Bxc5 (17... Rf8 $5) 18. Nxc5 {[%emt 0:00:03] Hoping for Qc3.} Qc8 19. bxc4 Bxc4 20. Rab1 (20. Ne4 $5 Rd8 21. Nd6 $11) 20... Qc7 21. f4 (21. Rb7 $1 $11 {keeps the balance.} Qxe5 22. Nd7) 21... Reb8 $17 22. e3 a5 23. Ne4 Ne8 {[%emt 0:00:50] Against Nd6} 24. g5 Qa7 25. Kf2 a4 26. Nd2 Bb5 27. Rdc1 d4 ({Black should try} 27... Nc7 $17 28. Nf3 Bc4) 28. Qc5 $1 $15 dxe3+ 29. Kxe3 {[%emt 0:02:42] [#] Threatens to win with Qxa7.} Qd7 {[%emt 0:03:38] Strongly threatening ...Qd3+.} 30. Ne4 ({Reject} 30. Qd4 Qxd4+ 31. Kxd4 Rd8+ 32. Kc3 Rd3+ 33. Kc2 Rad8 $17) 30... Qd3+ 31. Kf2 Rd8 (31... Qe2+ $1 $15 {feels stronger.} 32. Kg1 Rd8) 32. Bf3 $11 Rd4 $2 (32... Rd5 $11 33. Qe7 Rd7) 33. Rd1 $18 {[%emt 0:01:07] Active counter play! White is clearly winning.} Qxe4 34. Bxe4 Rxe4 35. Rxb5 {[%emt 0:00:13] Weighted Error Value: White=0.18 (very precise) /Black=0.44} 1-0

[Event "2nd Doppelbauer Kiel GM 2022"]
[Site "Kiel"]
[Date "2022.07.01"]
[Round "4.2"]
[White "Meshkovs, Nikita"]
[Black "Teclaf, Pawel"]
[Result "1/2-1/2"]
[ECO "D02"]
[WhiteElo "2553"]
[BlackElo "2537"]
[Annotator "TA"]
[PlyCount "27"]
[EventDate "2022.06.30"]
[EventType "tourn"]
[EventCountry "GER"]
[SourceTitle "playchess.com"]
[Source "ChessBase"]
[SourceQuality "1"]
[TimeControl "40/5400+30:1800+30"]

1. g3 d5 2. Nf3 c6 3. Bg2 g6 4. d4 Bg7 5. O-O Nf6 6. c3 O-O 7. a4 {[%emt 0:00:22] 7.Re1 is setting a new trend. D02: 1 d4 d5 2 Nf3 sidelines, including 2...Nf6 3 g3 and 2...Nf6 3 Bf4.} Bg4 {[%emt 0:09:09] [#]} 8. Nbd2 $146 ({Predecessor:} 8. Ne5 Bf5 9. Nd2 Nbd7 10. Ndf3 Nxe5 11. Nxe5 Nd7 12. Nxd7 Qxd7 13. Re1 Rfe8 {½-½ (13) Borges Feria,Y (2433)-Oliva Castaneda,K (2451) Havana 2018}) 8... Nbd7 9. Re1 {[%emt 0:02:48] The position is equal.} Re8 10. h3 Bxf3 11. Nxf3 e5 12. dxe5 Nxe5 13. Nxe5 Rxe5 14. Bf4 {[%emt 0:04:52] Not much happened in this game.  Weighted Error Value: White=0.03 (flawless) /Black=0.02 (flawless)} 1/2-1/2

[Event "2nd Doppelbauer Kiel GM 2022"]
[Site "Kiel"]
[Date "2022.07.01"]
[Round "4.3"]
[White "Ernst, Sipke"]
[Black "Hacker, Jonas"]
[Result "1-0"]
[ECO "E04"]
[WhiteElo "2547"]
[BlackElo "2396"]
[Annotator "TA"]
[PlyCount "137"]
[EventDate "2022.06.30"]
[EventType "tourn"]
[EventCountry "GER"]
[SourceTitle "playchess.com"]
[Source "ChessBase"]
[SourceQuality "1"]
[TimeControl "40/5400+30:1800+30"]

1. d4 Nf6 2. c4 e6 3. g3 d5 4. Nf3 dxc4 5. Bg2 a6 6. Ne5 Bb4+ {[%emt 0:00:42] E04: Open Catalan: 5 Nf3.} 7. Bd2 Qxd4 {[%emt 0:03:24] Hoping for ...Bxd2+.} 8. Bxb4 Qxe5 {[%emt 0:00:15] The position is equal.} 9. Na3 $1 (9. Nc3 Nbd7 10. f4 Qe3 $17) 9... Nc6 10. Bxc6+ ({Don't blunder} 10. Nxc4 $2 Qb5 11. Nd6+ (11. Bxc6+ $2 Qxc6 12. O-O Qxc4 $19) 11... cxd6 $19) 10... bxc6 11. Qa4 Bd7 {[%emt 0:06:35] And now ...c5 would win.} (11... Qxb2 $2 12. Rb1 Qxb1+ 13. Nxb1 $18) 12. Bc3 {[%emt 0:00:22] [#]} c5 $146 ({Predecessor:} 12... Qf5 13. Bxf6 Qxf6 14. Nxc4 c5 15. Qc2 Bb5 16. Ne3 O-O 17. a4 Bd7 18. O-O Rfb8 {½-½ (33) Dard,M (2130)-Abdulmanov,E (2263) ICCF email 2016}) 13. Qa5 Qd6 (13... Qf5 $5 ) 14. Rd1 Qb6 (14... Qc6 $11 15. O-O Nd5) 15. Nxc4 $14 Qxa5 16. Bxa5 ({White should try} 16. Nxa5 $16 Rg8 17. b3) 16... Bb5 $11 17. Ne5 Nd7 18. Nxd7 ({But not} 18. Bxc7 Rc8 19. Nxd7 Rxc7 $15) 18... Bxd7 19. O-O Bb5 20. Rd2 Ke7 21. Bxc7 Rhc8 22. Ba5 Ra7 23. Rc2 Rd7 24. Rfc1 Rc6 25. f3 f6 26. b3 c4 $1 27. bxc4 Ba4 28. Rb2 Rd1+ 29. Rxd1 Bxd1 $16 {[%emt 0:00:05][%mdl 4096] Endgame KRB-KRB} 30. c5 Kf7 31. Bb6 Rc8 32. Rd2 Ba4 33. g4 Ke7 34. Kf2 Be8 35. h4 h5 36. g5 Bc6 37. Kg3 Rb8 38. e4 Rc8 39. Rd6 Bd7 40. f4 $1 Bc6 41. f5 Bd7 42. Kf4 Rf8 (42... e5+ $16 43. Kf3 Bb5) 43. g6 (43. Ba5 $18) 43... Rc8 (43... exf5 $16 44. exf5 Rc8) 44. Rd2 (44. fxe6 $18 Bxe6 45. e5) 44... Rc6 45. a3 {[%emt 0:00:00] 0x0.001e6c689af5dp-1022s more active pieces.} Rc8 (45... exf5 $142 46. exf5 Rc8 47. Re2+ Kf8) 46. Ba7 Ra8 (46... exf5 $142 47. exf5 Bb5) 47. Bb6 {[%emt 0:00:00] Threatens to win with fxe6.} Rc8 $1 48. Ba5 (48. fxe6 $142 Bxe6 49. Rd6) 48... Ke8 {[%emt 0:09:14] [#] Loses the game.} (48... exf5 $16 49. Bb4 (49. exf5 Bxf5 50. c6 Bxg6 $16) 49... Ke8) 49. fxe6 $1 $18 Bxe6 50. Rd6 Bd7 51. Rxa6 Rxc5 52. Bb4 Rc4 53. Ra8+ Rc8 54. Ra5 Bg4 55. Ra7 Bd7 56. Ke3 (56. a4 $142) 56... Rc6 $2 (56... Kd8 57. Kd3 f5) 57. Ra8+ Rc8 58. Ra5 Bg4 59. Ra7 Bd7 60. Kd4 Rc6 (60... Rc1 {might work better.} 61. a4 Kd8) 61. Ra8+ Rc8 62. Ra5 Bg4 63. Ra7 Bd7 $2 (63... Rd8+ 64. Ke3 Rd7 65. Ra8+ Rd8 66. Rxd8+ Kxd8) 64. a4 Rd8 65. Ke3 Rc8 66. a5 Rc6 (66... Rc4 $142) 67. a6 {[%emt 0:03:22] Black must now prevent Rb7.} f5 68. Ra8+ Rc8 {[%emt 0:00:09] [#]} 69. Rxc8+ $1 {[%emt 0:00:04] Weighted Error Value: White=0.17 (very precise) /Black=0.25 (precise)} 1-0

[Event "2nd Doppelbauer Kiel GM 2022"]
[Site "Kiel"]
[Date "2022.07.01"]
[Round "4.4"]
[White "Bogner, Sebastian"]
[Black "Pajeken, Jakob Leon"]
[Result "1/2-1/2"]
[ECO "C95"]
[WhiteElo "2553"]
[BlackElo "2398"]
[Annotator "TA"]
[PlyCount "78"]
[EventDate "2022.06.30"]
[EventType "tourn"]
[EventCountry "GER"]
[SourceTitle "playchess.com"]
[Source "ChessBase"]
[SourceQuality "1"]
[TimeControl "40/5400+30:1800+30"]

1. e4 e5 2. Nf3 Nc6 3. Bb5 a6 4. Ba4 Nf6 5. O-O Be7 6. Re1 b5 7. Bb3 d6 8. c3 O-O 9. h3 Nb8 10. d4 Nbd7 11. Nbd2 Bb7 12. Bc2 c5 13. d5 $1 {[%emt 0:00:29] 13.d5 scores better than 13.Nf1.} c4 {[%emt 0:00:00] C95: Closed Ruy Lopez: Breyer Variation with 10 d4.} 14. b3 cxb3 15. axb3 Qc7 16. Nb1 Rfc8 {[%emt 0:00:00] [#]} 17. b4 $146 ({Predecessor:} 17. Be3 a5 18. Nfd2 Bd8 19. Bd3 Ba6 20. b4 a4 21. Qe2 Qb7 22. Rc1 Bb6 23. Na3 Bxe3 24. Qxe3 {½-½ (85) Martinez Alcantara,J (2620)-Lubbe,N (2431) Chess.com INT 2021}) 17... Nb6 18. Nfd2 Nfd7 19. Nb3 Nc4 (19... f5 $5 ) 20. N1d2 (20. Qg4 {with more complications.} Ndb6 21. N1d2 Bd8 22. Nxc4 Nxc4 23. Rd1) 20... Ndb6 21. Nxc4 (21. Qg4 {looks sharper.} Bd8 22. Nxc4 Nxc4 23. Rd1) 21... Nxc4 22. Bd3 (22. Qe2 {keeps more tension.} Bh4 23. Qg4 Bd8 24. Rd1) 22... Bd8 23. Nd2 Nb6 24. Ra3 Bg5 25. Nb1 (25. Qg4 {is more complex.} Bf4 26. Nf1 Qd7 27. Be3) 25... Bxc1 26. Qxc1 f5 27. f3 f4 28. Re2 Nd7 (28... Qb8 $11) 29. Rc2 $14 Qb6+ 30. Kf1 a5 31. Qd2 axb4 32. cxb4 Rxc2 (32... Rxa3 $11 33. Rxc8+ Bxc8 34. Nxa3 Ba6) 33. Rxa8+ Bxa8 34. Qxc2 Nf6 (34... Bb7 $14) 35. Qc8+ (35. Na3 $16 {Black must now prevent Qc8+.} Bb7 36. Nxb5) 35... Kf7 $11 {[%emt 0:00:00] The position is equal.} 36. Qe6+ Kg6 37. Qf5+ Kf7 $1 38. Qe6+ Kg6 39. Qf5+ Kf7 $1 {[%emt 0:00:06] Weighted Error Value: White=0.07 (flawless) /Black=0.12 (very precise)} 1/2-1/2

[Event "2nd Doppelbauer Kiel GM 2022"]
[Site "Kiel"]
[Date "2022.07.01"]
[Round "4.5"]
[White "Horvath, Dominik"]
[Black "Rosner, Jonas"]
[Result "1-0"]
[ECO "D52"]
[WhiteElo "2482"]
[BlackElo "2469"]
[Annotator "TA"]
[PlyCount "81"]
[EventDate "2022.06.30"]
[EventType "tourn"]
[EventCountry "GER"]
[SourceTitle "playchess.com"]
[Source "ChessBase"]
[SourceQuality "1"]
[TimeControl "40/5400+30:1800+30"]

1. d4 d5 2. c4 c6 3. Nf3 Nf6 4. Nc3 e6 5. Bg5 Nbd7 6. e3 Qa5 7. Nd2 dxc4 8. Bxf6 Nxf6 9. Nxc4 Qc7 10. Rc1 Bd6 {[%emt 0:01:31] [#] D52: Queen's Gambit Declined: Cambridge Springs Variation.} 11. e4 $146 (11. f4 $14 {deserves consideration.}) ({Predecessor:} 11. f4 Be7 12. Be2 O-O 13. O-O Rd8 14. Qc2 Bd7 15. Ne4 Nxe4 16. Qxe4 c5 17. f5 Qc6 18. Qxc6 Bxc6 19. fxe6 fxe6 {0-1 (41) Gukesh,D (2614)-Karthikeyan,M (2622) chess24.com INT 2022}) 11... e5 $11 12. f4 Bb4 ({But not} 12... exf4 13. e5 Be7 14. exf6 Bxf6 15. Bd3 $16) (12... exd4 $15 13. Nxd6+ (13. e5 Bc5 $17) 13... Qxd6) 13. fxe5 $14 Nxe4 14. Bd3 Nxc3 15. bxc3 Be7 16. O-O Be6 17. Qf3 Qd7 18. Rb1 {[%emt 0:07:16] Threatens to win with Na5.} O-O 19. Ne3 g6 {[%emt 0:08:06] Inhibits Qh5.} 20. Qf4 Rad8 (20... f6 $11) 21. Qh6 $1 {[%emt 0:03:18][%cal Oe3f5] Hoping for Nf5!} f5 22. h4 $1 {[%emt 0:03:52] h5 is the strong threat.} Rf7 {[%emt 0:02:26] [#]} 23. h5 $1 Bf8 {[%emt 0:01:32] [#]} 24. Qf4 Qe7 25. Qg3 Rg7 26. h6 (26. Rb2 $16) 26... Rf7 27. Bxf5 Bxa2 ({Black should try} 27... Bxf5 $14 28. Nxf5 Qd7) 28. Rb2 $16 {[%emt 0:03:43] White is more active.} Be6 {[%emt 0:02:35] [#]} (28... Bxh6 $16 29. Ng4 (29. Rxa2 Bxe3+ 30. Qxe3 Rxf5 $16) 29... Kg7) 29. Rxb7 $3 $18 Rd7 (29... Rxf5 30. Rxe7) 30. Rb8 a5 31. Ra8 Bxf5 32. Nxf5 Qe6 33. Nd6 Ra7 34. Rxa7 Rxa7 35. Rf6 Qb3 36. e6 (36. Qf3 $142 Bxd6 37. exd6) 36... Bxh6 37. Nc8 $2 $40 {[%emt 0:02:22][%mdl 128] White has some attack.} (37. Rf7 $18 Qd1+ 38. Rf1) 37... Ra8 {[%emt 0:01:26][%mdl 8192] [#]} (37... Rc7 $11) 38. Rxg6+ $1 {[%emt 0:00:17][%mdl 512] White mates.} hxg6 39. Qxg6+ Bg7 40. Ne7+ Kh8 41. Qh5+ {[%emt 0:30:03] Weighted Error Value: White=0.35/Black=0.63} 1-0

[Event "2nd Doppelbauer Kiel GM 2022"]
[Site "Kiel"]
[Date "2022.07.02"]
[Round "5.1"]
[White "Rosner, Jonas"]
[Black "Parvanyan, Ashot"]
[Result "1/2-1/2"]
[ECO "D55"]
[WhiteElo "2469"]
[BlackElo "2455"]
[Annotator "TA"]
[PlyCount "64"]
[EventDate "2022.06.30"]
[EventType "tourn"]
[EventCountry "GER"]
[SourceTitle "playchess.com"]
[Source "ChessBase"]
[SourceQuality "1"]
[TimeControl "40/5400+30:1800+30"]

1. d4 Nf6 2. Nf3 e6 3. c4 d5 4. e3 a6 5. b3 b6 6. Bd3 Bb7 7. O-O Nbd7 8. Qe2 Bd6 9. cxd5 exd5 10. Ba3 Bxa3 11. Nxa3 Qe7 12. Nb1 O-O 13. Nc3 c5 14. Rac1 Ne4 15. Rfd1 {[%emt 0:03:49] [#] D55: Queen's Gambit Declined: 4 Bg5 Be7: Lines without ...h6 and 6...h6 7 Bxf6.} Rfc8 $146 ({Predecessor:} 15... Rfe8 16. Na4 Qf6 17. dxc5 Ndxc5 18. Qb2 Qxb2 19. Nxb2 Rac8 20. Nd4 b5 21. b4 Ne6 {½-½ (89) Shaposhnikov,E (2570)-Shubin,K (2411) Ekaterinburg 2019}) 16. dxc5 Nxc3 17. Rxc3 {[%emt 0:00:11][%cal Od3h7] With the idea Bxh7+!} bxc5 18. Rdc1 g6 19. h3 Nf8 20. Nd2 Ne6 21. Qg4 Rd8 22. Nf3 d4 23. exd4 cxd4 24. R3c2 Qf6 25. Nd2 {[%emt 0:04:46] [#]} (25. Ne1 $11) 25... Nf4 $1 $19 26. Bf1 (26. Be4 $19 d3 27. Bxb7 dxc2 28. Rxc2) 26... h5 $17 27. Qd1 Nxh3+ 28. gxh3 $11 {[%emt 0:00:25] Strongly threatening Bg2. The position is equal.} Qg5+ 29. Kh2 Qf4+ 30. Kg1 Qg5+ 31. Kh2 Qf4+ 32. Kg1 {[%emt 0:00:02] [#] And now Bg2 would win.} Qg5+ {[%emt 0:00:44] Weighted Error Value: White=0.25 (precise) /Black=0.10 (very precise)} 1/2-1/2

[Event "2nd Doppelbauer Kiel GM 2022"]
[Site "Kiel"]
[Date "2022.07.02"]
[Round "5.2"]
[White "Pajeken, Jakob Leon"]
[Black "Horvath, Dominik"]
[Result "1/2-1/2"]
[ECO "D02"]
[WhiteElo "2398"]
[BlackElo "2482"]
[Annotator "TA"]
[PlyCount "40"]
[EventDate "2022.06.30"]
[EventType "tourn"]
[EventCountry "GER"]
[SourceTitle "playchess.com"]
[Source "ChessBase"]
[SourceQuality "1"]
[TimeControl "40/5400+30:1800+30"]

1. Nf3 d5 2. g3 Nd7 3. d4 e6 4. Bg2 Ngf6 5. O-O b5 6. a4 b4 7. c4 {[%emt 0:00:03] D02: 1 d4 d5 2 Nf3 sidelines, including 2...Nf6 3 g3 and 2...Nf6 3 Bf4.} bxc3 8. Nxc3 {[%emt 0:00:04] 8.Nxc3 is better than 8.bxc3.} a5 {[%emt 0:00:08] [#]} 9. e4 $146 {[%emt 0:09:55] The position is equal.} ({Predecessor:} 9. Bf4 c6 10. e4 Ba6 11. Re1 Bb4 12. e5 Ng8 13. h4 Ne7 14. h5 h6 15. g4 {½-½ (31) Nguyen,T (2610)-Vallejo Pons,F (2703) Prague 2022}) 9... dxe4 10. Ng5 Bb7 11. Ngxe4 Nxe4 12. Nxe4 Bd5 13. Bf4 Be7 14. Rc1 Ra7 15. Nc3 $36 {[%emt 0:04:51][%mdl 2048] Keeping Black busy. 0x0.00207ca1f54bdp-1022s more active pieces. The black rooks are badly placed.} Bxg2 16. Kxg2 {[%emt 0:00:32] Black must now prevent Nb5.} c6 {[%emt 0:00:11] [#] Prevents Nb5.} (16... O-O $16 {might work better.}) 17. Qf3 $2 (17. d5 $1 $18 cxd5 18. Qd4) 17... Ra6 $14 18. Ne4 (18. Qe2 $5 Rb6 19. Ne4 $11) 18... O-O 19. Rc4 Rb6 20. b3 Nf6 {[%emt 0:32:56] Weighted Error Value: White=0.21 (precise) /Black=0.19 (very precise)} 1/2-1/2